 Dungeon Crawl Stone Soup version 0.18.1-8-gdd0e5ea (webtiles) character file.

50 matakusis the Sneak (level 3, -3/24 HPs)
             Began as a Vampire Enchanter on June 5, 2016.
             Slain by Natasha (9 damage)
             ... on level 2 of the Dungeon.
             The game lasted 00:07:52 (2097 turns).

matakusis the Sneak (Vampire Enchanter)             Turns: 2097, Time: 00:07:52

Health: -3/24      AC:  3    Str:  4 (7)  XL:     3   Next: 55%
Magic:  6/6        EV: 12    Int: 16 (17) God:
Gold:   124        SH:  0    Dex: 13 (15) Spells: 2 memorised, 2 levels left

rFire  . . .     SeeInvis +     a - +1 dagger
rCold  + + .     Gourm    .     b - +1 robe
rNeg   + + +     Faith    .     (no shield)
rPois  +         Spirit   .     (no helmet)
rElec  .         Dismiss  .     (no cloak)
rCorr  .         Reflect  .     (no gloves)
SustAt .         Harm     .     (no boots)
MR     .....                    (no amulet)
Stlth  +++.......               (no ring)
                                (no ring)

@: regenerating slowly, slowed, very slow, not resistant to hostile
enchantments, fairly stealthy
A: fangs 3, see invisible, unbreathing
a: Bat Form


You were on level 2 of the Dungeon.
You were near bloodless.

You visited 1 branch of the dungeon, and saw 2 of its levels.

You collected 124 gold pieces.

Inventory:

Hand Weapons
 a - a +1 dagger (weapon)
Armour
 b - a +1 robe (worn)
Scrolls
 e - 2 scrolls of random uselessness {unknown}
 f - a scroll of immolation {unknown}
 h - 2 scrolls of recharging {unknown}
 i - a scroll of amnesia {unknown}
 k - a scroll of teleportation {unknown}
Potions
 d - 11 potions of blood
Books
 c - a book of Maledictions

   Spells                             Type                      Level
   a - Corona                         Hexes                        1
   b - Ensorcelled Hibernation        Hexes/Ice                    2
   c - Confuse                        Hexes                        3
   d - Tukima's Dance                 Hexes                        3
   e - Dazzling Spray                 Conjuration/Hexes            3


   Skills:
 - Level 1.5 Short Blades
 - Level 2.3 Dodging
 * Level 5.4 Stealth
 + Level 2.2 Spellcasting
 + Level 5.3 Hexes


You had 2 spell levels left.
You knew the following spells:

 Your Spells              Type           Power        Failure   Level  Hunger
a - Corona                Hex            ###....      2%          1    #......
b - Confuse               Hex            ###.....     10%         3    ###....


Dungeon Overview and Level Annotations

Branches:
Dungeon (2/15)

Altars:

Annotations:
D:2 Natasha


Innate Abilities, Weirdness & Mutations

You heal slowly.
You have razor-sharp teeth.
You have supernaturally acute eyesight.
You can survive without breathing.


Message History

The magic dart hits you!
You barely miss Natasha. Natasha casts a spell at you. The magic dart hits you!
You hit Natasha but do no damage. Natasha casts a spell at you.
You feel yourself slow down. Natasha claws you.
* * * LOW HITPOINT WARNING * * *
There is a stone staircase leading down here.
Drink which item? (? for menu, Esc to quit)
It was a potion of magic.
Magic courses through your body. Natasha casts a spell at you.
You feel as though you will be slow longer.
Drink which item? (? for menu, Esc to quit)
It was a potion of degeneration.
There was something very wrong with that liquid.
You feel weakened.
You feel dopey.
You feel clumsy. Natasha claws you!
You die...

##### ############ #...#
#........... #...#
#.#.######## .<..# ##...#
....# #..#h# #...#
######..#@##### #...#
##......<......# #...#
#..#####.......### #...#
#.####.............
#######.##...##..........
# #..#..####.......... #
#....## #.......... #
#..### #........## .# #
#..# #........# #.#


You could see Natasha.

Vanquished Creatures
  An adder (D:2)
  A worm (D:2)
  A giant gecko (D:2)
  3 giant cockroaches
  5 goblins
  2 hobgoblins
  5 jackals
  A ball python (D:1)
  4 bats
  4 giant newts
  6 kobolds
  4 rats
37 creatures vanquished.

Notes
Turn   | Place    | Note
--------------------------------------------------------------
     0 | D:1      | matakusis the Vampire Enchanter began the quest for the Orb.
     0 | D:1      | Reached XP level 1. HP: 13/13 MP: 3/3
   567 | D:1      | Reached XP level 2. HP: 19/19 MP: 5/5
   962 | D:1      | Reached skill level 5 in Stealth
  1307 | D:2      | Reached skill level 5 in Hexes
  1313 | D:2      | Reached XP level 3. HP: 9/24 MP: 3/6
  1337 | D:2      | Learned a level 3 spell: Confuse
  2078 | D:2      | Noticed Natasha
  2097 | D:2      | Slain by Natasha

Skill      XL: |  1  2 |
---------------+-------+-----
Stealth        | 5 |  5.4
Hexes          | 5 |  5.3
Short Blades   | |  1.5
Dodging        | |  2.3
Spellcasting   | |  2.2

Action                   || total
-------------------------++-------
Melee: Dagger            ||   126
       Bite              ||     3
 Cast: Corona            ||    20
       Confuse           ||    10
  Use: Potion            ||     2
 Stab: Sleeping          ||    13
       Confused          ||     3
Armor: Robe              ||    26
Dodge: Dodged            ||    53
